 Dungeon Crawl Stone Soup version 0.27-a0-1006-g1fd4cec11e (webtiles) character file.

Game seed: 2821148206670948086

15476 bmj180 the Destroyer (level 12, -14/100 HPs)
             Began as a Yellow Draconian Conjurer on Apr 17, 2021.
             Was a Believer of Vehumet.
             Demolished by a death yak (27 damage)
             ... on level 9 of the Dungeon.
             The game lasted 00:27:37 (14501 turns).

bmj180 the Destroyer (Yellow Draconian Conjurer)   Turns: 14501, Time: 00:27:38

Health: -14/100    AC: 13    Str: 10    XL:     12   Next: 1%
Magic:  3/24       EV: 13    Int: 24    God:    Vehumet [**....]
Gold:   543        SH:  0    Dex:  9    Spells: 13/27 levels left

rFire    . . .     SeeInvis .   n - staff of air
rCold    . . .     Faith    .   (no shield)
rNeg     + . .     Spirit   .   (armour unavailable)
rPois    .         Reflect  .   G - +1 hat {Will+}
rElec    +         Harm     .   T - +0 cloak
rCorr    +         Rampage  .   w - +1 pair of gloves
Will     +....                  P - +0 pair of boots
Stlth    ++........             i - amulet of the acrobat
HPRegen  0.26/turn              K - ring of positive energy
MPRegen  0.19/turn              (no ring)

@: studying Slings
A: spit acid, AC +8, unfitting armour, cold-blooded, acid resistance
a: Breathe Acid, Renounce Religion


You were on level 9 of the Dungeon.
You worshipped Vehumet.
Vehumet was pleased with you.
You visited 2 branches of the dungeon, and saw 11 of its levels.

You collected 573 gold pieces.
You spent 30 gold pieces at shops.

Inventory:

Hand Weapons
 m - a +1 hand axe of flaming
 r - a +2 dagger of venom
 t - a +0 morningstar of freezing
 y - a +2 dagger of draining
 S - a +2 rapier of electrocution
 W - a +0 lajatang
Missiles
 a - 2 silver boomerangs
 e - 303 stones
 q - 21 poisoned darts (quivered)
 C - 2 curare-tipped darts
 E - 5 silver javelins
 I - 4 datura-tipped darts
Armour
 u - a +0 kite shield
 v - a +2 hat
 w - a +1 pair of gloves (worn)
 G - a +1 hat of willpower (worn)
 P - a +0 pair of boots (worn)
 T - a +0 cloak (worn)
Magical Staves
 c - a staff of death
 n - a staff of air (weapon)
Jewellery
 g - an amulet of guardian spirit
 i - an amulet of the acrobat (around neck)
 K - a ring of positive energy (left hand)
Wands
 j - a wand of iceblast (13)
 k - a wand of digging (7)
 p - a wand of flame (24)
 s - a wand of polymorph (6)
 H - a wand of paralysis (8)
 L - a wand of acid (1)
 Q - a wand of charming (9)
Scrolls
 b - 6 scrolls of identify
 f - a scroll of enchant armour
 h - 4 scrolls of amnesia
 M - a scroll of magic mapping
 O - 4 scrolls of teleportation
 R - 2 scrolls of immolation {unknown}
 Y - a scroll of holy word {unknown}
Potions
 d - 2 potions of might
 l - a potion of resistance
 o - 4 potions of heal wounds
 x - 3 potions of curing
 z - a potion of berserk rage
 A - a potion of invisibility {unknown}
 B - 2 potions of haste
 D - a potion of lignification {unknown}
 F - a potion of cancellation {unknown}
 J - 2 potions of flight {unknown}
 X - a potion of mutation {unknown}
Miscellaneous
 N - a phial of floods
 U - a lightning rod (4/4)
 V - a phantom mirror


   Skills:
 * Level 7.0 Fighting
 * Level 7.2 Staves
 + Level 5.6 Dodging
 + Level 4.5 Stealth
 * Level 8.0 Spellcasting
 * Level 9.9 Conjurations
 * Level 5.7 Translocations
 * Level 1.4 Fire Magic
 * Level 2.9 Air Magic
 * Level 6.5 Evocations


You had 13 spell levels left.
You knew the following spells:

 Your Spells              Type           Power      Damage    Failure   Level
a - Static Discharge      Conj/Air       57%        N/A       1%          2
b - Searing Ray           Conj           100%       3d7       1%          2
c - Iskenderun's Mystic   Conj/Tloc      47%        2d10      2%          4
d - Conjure Flame         Conj/Fire      36%        6-21      1%          3
e - Mephitic Cloud        Conj/Pois/Air  45%        N/A       3%          3

Your spell library contained the following spells:

 Spells                   Type           Power      Damage    Failure   Level
 Magic Dart               Conj           100%       1d8       1%          1
 Dazzling Flash           Conj/Hex       66%        N/A       2%          3
 Iskenderun's Battlesphe  Conj           55%        2d11      3%          5
 Animate Skeleton         Necr           18%        N/A       6%          1
 Pain                     Necr           36%        1d5       6%          1
 Fulminant Prism          Conj/Hex       16%        3d11      9%          4
 Vampiric Draining        Necr           4%         2d6       19%         3
 Summon Forest            Summ/Tloc      11%        N/A       50%         5
 Animate Dead             Necr           4%         N/A       54%         4
 Agony                    Necr           9%         N/A       87%         5
 Summon Mana Viper        Hex/Summ       9%         N/A       87%         5
 Shadow Creatures         Summ           N/A        N/A       100%        6
 Summon Hydra             Summ           4%         N/A       100%        7


Dungeon Overview and Level Annotations

Branches:
Dungeon (10/15)            Temple (1/1) D:6            Lair (0/6) D:10
    Orc (0/2) D:10

Altars:
Ashenzari
Cheibriados
Dithmenos
Elyvilon
Fedhas
Gozag
Hepliaklqana
Kikubaaqudgha
Makhleb
Nemelex Xobeh
Okawaru
Qazlal
Ru
Sif Muna
Trog
Uskayaw
Vehumet
Wu Jian
Xom
Yredelemnul
Zin
The Shining One

Shops:
D:3 *   D:5 (


Innate Abilities, Weirdness & Mutations

You can spit globs of acid.
Your golden yellow scales are hard. (AC +8)
You cannot fit into any form of body armour.
You are cold-blooded and may be slowed by cold attacks.
You are resistant to acid. (rCorr)


Message History

The searing ray hits the death yak!
The death yak is moderately wounded.
The death yak completely misses you.
The searing ray hits the death yak!
The death yak is heavily wounded.
You finish channeling your searing ray.
The death yak misses you. The death yak misses you.
Unknown command.
Casting: Searing Ray (safe; 1% risk of failure)
Confirm with . or Enter, or press ? or * to list all spells.
Aiming: Searing Ray (safe; 1% risk of failure)
Press: ? - help, Shift-Dir - straight line, f/p - death yak
Aim: a death yak (heavily wounded, 94% to hit)
The searing ray hits the death yak but does no damage.
The death yak is heavily wounded. (Press . to maintain the ray.)
The death yak gores you.
The searing ray hits the death yak.
The death yak is heavily wounded.
The death yak gores you!
The searing ray hits the death yak!
The death yak is heavily wounded.
The death yak gores you!
* * * LOW HITPOINT WARNING * * *
The searing ray hits the death yak!!
The death yak is almost dead.
You finish channeling your searing ray.
The death yak gores you.
* * * LOW HITPOINT WARNING * * *
The death yak gores you!
* * * LOW HITPOINT WARNING * * *
Casting: Searing Ray (safe; 1% risk of failure)
Confirm with . or Enter, or press ? or * to list all spells.
Aiming: Searing Ray (safe; 1% risk of failure)
Press: ? - help, Shift-Dir - straight line, f/p - death yak
Aim: a death yak (almost dead, 94% to hit)
The searing ray hits the death yak but does no damage.
The death yak is almost dead. (Press . to maintain the ray.)
The death yak gores you!!
You die...

##..# #.# ...## ###.#
...# ##...#
..#####..#.# #######
........##.# #..(..#
........##.# #.....#
........##.# #.....#
........##.######.....#
######...#).>).Y@[....#
##[)...#####.....#
#)<##.#####.....#
#[###.#.........#
#######)###.#.###.....#
#.............# #.....#
#.......###.### #######
.............##
..............#


You could see a death yak.

Vanquished Creatures
  Gastronok (D:8)
  A centaur warrior (D:10)
  3 two-headed ogres
  A death yak (D:9)
  Urug (D:10)
  A deep elf pyromancer (D:10)
  A harpy (shapeshifter) (D:10)
  3 cyclopes (D:10)
  A manticore (D:10)
  Joseph (D:8)
  Maggie (D:6)
  2 tengu conjurers (D:10)
  A kobold demonologist (D:9)
  A troll (D:10)
  Grinder (D:6)
  A raiju (shapeshifter) (D:10)
  3 yaks (D:10)
  A wyvern (D:8)
  Grum (D:8)
  Eustachio (D:4)
  The ghost of ChaosF the Cudgeller, an amateur DgGl (D:5)
  3 vampire mosquitoes (D:10)
  A steam dragon (D:10)
  4 water moccasins
  2 acid dragons
  6 orc warriors
  A black bear (D:5)
  4 wolves (D:8)
  3 centaurs
  3 kobold brigands
  A bullfrog (D:8)
  A gnoll sergeant (D:9)
  3 scorpions
  A water moccasin zombie (D:5)
  A water moccasin skeleton (D:7)
  9 wights
  3 killer bees (D:10)
  The ghost of TheNamelessOne the Skirmisher, a weakling OpCK of Xom (D:3)
  A jelly (D:8)
  4 howler monkeys
  4 centaur zombies
  A bullfrog zombie (D:6)
  A centaur skeleton (D:6)
  2 orc priests
  2 bullfrog skeletons
  4 iguanas
  6 orc wizards
  A howler monkey zombie (D:10)
  7 gnolls
  5 adders
  4 white imps
  3 worms
  5 dart slugs
  24 orcs
  7 ball pythons
  8 endoplasms
  4 giant cockroaches
  8 goblins
  5 hobgoblins
  8 jackals
  11 kobolds
  3 quokkas
  3 bats (D:1)
  13 frilled lizards
  10 rats
229 creatures vanquished.

Vanquished Creatures (others)
  A human (D:9)
  14 plants
15 creatures vanquished.

Grand Total: 244 creatures vanquished

Notes
Turn   | Place    | Note
-------+----------+-------------------------------------------
     0 | D:1      | bmj180 the Draconian Conjurer began the quest for the Orb.
     0 | D:1      | Reached XP level 1. HP: 14/14 MP: 3/3
   616 | D:1      | Reached XP level 2. HP: 19/22 MP: 0/5
  1325 | D:1      | Reached XP level 3. HP: 27/27 MP: 4/6
  1328 | D:1      | Learned a level 2 spell: Searing Ray
  1843 | D:2      | Reached skill level 5 in Conjurations
  2392 | D:3      | Found a runed translucent door.
  2542 | D:3      | Found a glowing golden altar of the Shining One.
  2666 | D:3      | Reached XP level 4. HP: 34/34 MP: 3/7
  2741 | D:3      | Found a faded altar of an unknown god.
  2931 | D:3      | Found an iron altar of Okawaru.
  2939 | D:3      | You fall into a shaft and drop 2 floors!
  2939 | D:5      | Entered Level 5 of the Dungeon
  2946 | D:5      | Reached skill level 1 in Fighting
  2946 | D:5      | Reached skill level 1 in Staves
  2955 | D:5      | HP: 1/35 [water moccasin zombie (7)]
  2992 | D:5      | Reached XP level 5. HP: 4/40 MP: 0/9
  3409 | D:5      | Reached skill level 1 in Evocations
  3500 | D:5      | Found Kin Zut's Weapon Shop.
  3526 | D:4      | Noticed Eustachio
  3742 | D:3      | Found Reja's Assorted Antiques.
  3749 | D:3      | Bought a scroll labelled SOBLETW RUNAIPO for 30 gold pieces
  4393 | D:3      | Noticed TheNamelessOne's ghost (weakling OpCK)
  4409 | D:3      | Killed TheNamelessOne's ghost
  4410 | D:3      | Reached XP level 6. HP: 42/48 MP: 1/10
  4626 | D:3      | Found a runed translucent door.
  4660 | D:3      | Noticed a water moccasin
  4665 | D:3      | Killed a water moccasin
  5222 | D:4      | Killed Eustachio
  5223 | D:4      | Your scales start taking on a golden yellow colour.
  5223 | D:4      | Reached XP level 7. HP: 56/56 MP: 3/12
  5223 | D:4      | Gained mutation: You are resistant to acid. (rCorr) [Yellow
                  | Draconian growth]
  5770 | D:4      | Learned a level 4 spell: Iskenderun's Mystic Blast
  6046 | D:5      | Found a runed translucent door.
  6240 | D:5      | Reached skill level 6 in Conjurations
  6376 | D:5      | Reached skill level 1 in Translocations
  6979 | D:5      | Noticed ChaosF's ghost (amateur DgGl)
  7034 | D:5      | Killed ChaosF's ghost
  7035 | D:5      | Reached XP level 8. HP: 57/63 MP: 1/13
  7396 | D:6      | Noticed Maggie
  7504 | D:6      | Killed Maggie
  7828 | D:6      | Noticed Grinder
  7831 | D:6      | Paralysed by Grinder for 3 turns
  7841 | D:6      | Killed Grinder
  7930 | D:6      | Found an ornate altar of the Wu Jian Council.
  8053 | D:6      | Found a staircase to the Ecumenical Temple.
  8062 | Temple   | Entered the Ecumenical Temple
  8188 | Temple   | Became a worshipper of Vehumet
  8267 | D:6      | Reached XP level 9. HP: 72/72 MP: 9/15
  8911 | D:7      | Reached skill level 7 in Conjurations
  9277 | D:7      | Found a broken altar of Ashenzari.
  9278 | D:7      | Found a shimmering blue altar of Sif Muna.
  9278 | D:7      | Found a glowing silver altar of Zin.
  9281 | D:7      | Found a shadowy altar of Dithmenos.
  9282 | D:7      | Found a sacrificial altar of Ru.
  9878 | D:8      | Noticed a two-headed ogre
 10041 | D:8      | Reached * piety under Vehumet
 10041 | D:8      | Offered knowledge of Shock by Vehumet.
 10062 | D:8      | Killed a two-headed ogre
 10063 | D:8      | Reached skill level 5 in Fighting
 10063 | D:8      | Reached skill level 5 in Staves
 10063 | D:8      | Reached skill level 5 in Spellcasting
 10203 | D:8      | Noticed Gastronok
 10236 | D:8      | Killed Gastronok
 10237 | D:8      | Reached skill level 8 in Conjurations
 10237 | D:8      | Reached skill level 5 in Evocations
 10237 | D:8      | Reached XP level 10. HP: 45/82 MP: 5/18
 10388 | D:8      | Noticed Grum
 10557 | D:8      | Killed Grum
 10785 | D:8      | Found a hazy altar of Hepliaklqana.
 10898 | D:8      | Found a blossoming altar of Fedhas.
 11027 | D:8      | Noticed Joseph
 11041 | D:8      | Killed Joseph
 11606 | D:9      | Reached skill level 5 in Dodging
 12137 | D:9      | Reached ** piety under Vehumet
 12142 | D:9      | Offered knowledge of Static Discharge by Vehumet.
 12152 | D:9      | Learned a level 2 spell: Static Discharge
 12381 | D:9      | Found a stormy altar of Qazlal.
 12523 | D:9      | Found an ancient bone altar of Kikubaaqudgha.
 12575 | D:10     | Entered Level 10 of the Dungeon
 12587 | D:10     | Found a staircase to the Orcish Mines.
 12678 | D:10     | Reached XP level 11. HP: 82/89 MP: 6/20
 12803 | D:10     | Noticed a two-headed ogre
 12813 | D:10     | Killed a two-headed ogre
 12814 | D:10     | Reached skill level 5 in Translocations
 12814 | D:10     | Reached skill level 1 in Air Magic
 12824 | D:10     | Reached skill level 9 in Conjurations
 12982 | D:10     | Noticed a two-headed ogre
 12986 | D:10     | Killed a two-headed ogre
 13115 | D:10     | Noticed a deep elf pyromancer
 13116 | D:10     | Noticed a harpy
 13119 | D:10     | Killed a harpy
 13123 | D:10     | Killed a deep elf pyromancer
 13395 | D:10     | Identified the Grimoire of Destructive Calling
 13403 | D:10     | Learned a level 3 spell: Conjure Flame
 13535 | D:10     | Noticed a death yak
 13535 | D:10     | Noticed Urug
 13547 | D:10     | Noticed a centaur warrior
 13565 | D:10     | Killed a centaur warrior
 13941 | D:10     | Reached skill level 1 in Fire Magic
 13993 | D:10     | Found a basalt altar of Yredelemnul.
 14020 | D:10     | Killed Urug
 14057 | D:10     | Offered knowledge of Mephitic Cloud by Vehumet.
 14163 | D:10     | Noticed a death yak
 14164 | D:10     | Noticed a death yak
 14355 | D:9      | Killed a death yak
 14356 | D:9      | Reached XP level 12. HP: 84/100 MP: 2/24
 14476 | D:9      | Learned a level 3 spell: Mephitic Cloud
 14501 | D:9      | Demolished by a death yak

Illustrated notes

Levels and vault maps discovered:
D:1:      dpeg_arrival_boxes_within_box, layout_loops_ring,
          amcnicky_mini_rare_corridor_liquid, minmay_door_square,
          minmay_lizard_king
D:2:      layout_basic
D:3:      layout_basic, nicolae_tso_carved_into_rock, lemuel_tele_altar,
          ebering_ghost_sewer_f, serial_shops, shop_fountains,
          hellmonk_ecumenical_altar_leap_of_faith, eino_tiny_chamber,
          minmay_crystal_water
D:4:      layout_loops_ring, uniq_eustachio
D:5:      layout_rooms, serial_shops, shop, serial_bayou, serial_bayou_crossing,
          serial_bayou_lagoon_b, serial_bayou_pond_c, serial_bayou_shore_b,
          ebering_ghost_reflecting_pool, minmay_manual_moon
D:6:      layout_basic, marbit_many_paths, minmay_temple_entry_fiery,
          chequers_serial_rivers_micro_b, uniq_grinder, uniq_maggie
D:7:      layout_loops_ring, minitemple
D:8:      layout_gridville, lemuel_round_altar, lemuel_crystal_altar, uniq_grum,
          uniq_joseph, uniq_gastronok
D:9:      layout_rooms, tgw_kikubaaqudgha, nicolae_qazlal_general_emergency
D:10:     minmay_the_grid_octo_tiled_octocenter [minmay_the_grid_octo_clover_2,
          minmay_the_grid_octo_thin_diamonds, minmay_the_grid_octo_teeth,
          minmay_the_grid_octo_pinwheel, minmay_the_grid_octo_prize_big_c,
          minmay_the_grid_square_5x5_half_checkered,
          minmay_the_grid_square_5x5_detours, minmay_the_grid_square_5x5_plus,
          minmay_the_grid_square_5x5_corner], layout_gridville,
          lemuel_round_altar, dpeg_lair_monsters, uniq_urug
Temple:   nicolae_temple_figure_zero

Skill      XL: |  1  2  3  4  5  6  7  8  9 10 11 |
---------------+----------------------------------+-----
Conjurations   | 5 6 8 9 |  9.9
Dodging        | 2 3 4 5 |  5.6
Fighting       | 1 2 3 4 5 6 7 |  7.0
Staves         | 1 2 3 4 5 6 7 |  7.2
Stealth        | 2 3 4 |  4.5
Evocations     | 1 2 3 5 6 |  6.5
Spellcasting   | 3 4 5 6 8 |  8.0
Translocations | 1 2 4 5 |  5.7
Air Magic      | 2 |  2.9
Fire Magic     | 1 |  1.4

Action                   |  1- 3 |  4- 6 |  7- 9 | 10-12 || total
-------------------------+-------+-------+-------+-------++-------
Melee: Staff             |    69 |    62 |    24 |     9 ||   164
       Tailslap          |     2 |     5 |     2 |     3 ||    12
 Cast: Magic Dart        |    45 |     1 |       |       ||    46
       Searing Ray       |    12 |    28 |    67 |    58 ||   165
       Iskenderun's Myst |       |       |     1 |    20 ||    21
       Mephitic Cloud    |       |       |       |     1 ||     1
Evoke: Wand              |       |     3 |    12 |    16 ||    31
  Use: Potion            |       |     4 |       |       ||     4
       Scroll            |       |       |    11 |     1 ||    12
Armor: Skin              |    26 |    25 |    32 |    23 ||   106
Dodge: Dodged            |    61 |    57 |   136 |   137 ||   391

Table legend: (Time is in decaauts)
 A = Elapsed time spent in this place.
 B = Non-inter-level travel time spent in this place.
 C = Inter-level travel time spent in this place.
 D = Time resting spent in this place.
 E = Time spent auto-exploring this place.
 F = Levels seen in this place.
 G = Mean time per level.
                   A        B        C        D        E       F      G
               +--------+--------+--------+--------+--------+-----+--------+
         Total |  14610 |  14096 |    514 |   4602 |   6704 |  11 | 1328.2 |
       Dungeon |  14470 |  13981 |    489 |   4602 |   6591 |  10 | 1447.0 |
        Temple |    139 |    114 |     25 |      0 |    113 |   1 |  139.0 |
               +--------+--------+--------+--------+--------+-----+--------+

Top non-repeatable levels by time:
     D:8: 1933 daAuts
     D:3: 1913 daAuts
     D:5: 1753 daAuts
    D:10: 1635 daAuts
     D:7: 1594 daAuts
     D:1: 1538 daAuts
     D:4: 1353 daAuts
     D:6: 982 daAuts
     D:9: 922 daAuts
     D:2: 842 daAuts
  Temple: 139 daAuts
